Match 45887238
Unlisted

Match 45887238
End
Construct Infanterie Kompanie
Kettenkrad Recon Vehicle
MG 42 Machine Gun Team
Grenadier Squad
Selects Luftwaffe Battlegroup
Selects Luftwaffe Pioneer Support
Fallschirmpioneer Squad Paradrop
Construct Luftwaffe Kompanie
Selects Flak 38 Anti-Air Emplacement
Fallschirmpioneer Squad Paradrop
MG 42 Bunker
Fallschirmpioneer Squad Paradrop
Selects Flak 36 Anti-tank Gun Emplacement
Fallschirmpioneer Squad Paradrop
Support Elements
Selects Stuka Strafing Run
Wirbelwind Flakpanzer
Stuka Strafing Run
Marder III M Tank Destroyer
Selects Fallschirmjäger Squad Paradrop
Fallschirmpioneer Squad Paradrop
Stuka Strafing Run
Medical Station
MG 42 Bunker
Stuka Strafing Run
Selects Fragmentation Bombs
Stuka Strafing Run
Fallschirmpioneer Squad Paradrop
Marder III M Tank Destroyer
Stuka Strafing Run
Fallschirmpioneer Squad Paradrop
Jäger Squad
MAVNE
Sad Pepe
gio_misro
Policy
⁂ㅣdriftx13
lamasroman580
0
0

Comments sign in to comment!

No comments posted yet!